 Dungeon Crawl Stone Soup version 0.32-a0-768-g0f6f1dd4b9 (webtiles) character file.

Game seed: 8415109754657340882

135 smashvw the Shield-Bearer (level 5, -2/47 HPs)
             Began as a Gnoll Fighter on Mar 19, 2024.
             Was an Initiate of Ru.
             Frozen to death by an endoplasm (5 damage)
             ... on level 3 of the Dungeon.
             The game lasted 00:04:10 (1523 turns).

smashvw the Shield-Bearer (Gnoll Fighter)           Turns: 1523, Time: 00:04:11

Health: -2/47      AC: 12    Str: 16    XL:     5   Next: 18%
Magic:  5/7        EV:  8    Int:  7    God:    Ru [......]
Gold:   185        SH:  5    Dex: 13    Spells: 6/6 levels left

rFire   . . .        o - +2 spear (venom)
rCold   . . .        c - +0 buckler
rNeg    . . .        b - +0 scale mail
rPois   .            (no helmet)
rElec   .            l - +0 cloak
rCorr   .            g - +2 pair of gloves
SInv    .            (no boots)
Will    .....        (no amulet) Stlth
                     i - ring of flight
HPRegen 0.27/turn    (no ring)
MPRegen 0.10/turn

%: no passive effects
@: mighty, flying
A: fangs 1, no stealth, strong nose, distributed training
a: Renounce Religion


You were on level 3 of the Dungeon.
You worshipped Ru.
Ru was noncommittal.
You visited 1 branch of the dungeon, and saw 3 of its levels.

You collected 185 gold pieces.

Inventory:

Hand Weapons
 a - a +0 long sword
 o - a +2 spear of venom (weapon)
Armour
 b - a +0 scale mail (worn)
 c - a +0 buckler (worn)
 g - a +2 pair of gloves (worn)
 l - a +0 cloak (worn)
Jewellery
 i - a ring of flight (left hand)
Talismans
 k - a serpent talisman
Scrolls
 e - 2 scrolls of amnesia {unknown}
 f - a scroll of fear {unknown}
 h - 2 scrolls of identify {unknown}
 j - a scroll of fog {unknown}
 n - a scroll of vulnerability {unknown}
Potions
 m - 2 potions of mutation {unknown}


   Skills:
 + Level 6.7 Fighting
 + Level 1.4 Short Blades
 + Level 4.7 Long Blades
 + Level 1.4 Axes
 + Level 1.4 Maces & Flails
 + Level 1.4 Polearms
 + Level 1.4 Staves
 + Level 1.4 Ranged Weapons
 + Level 1.4 Throwing
 + Level 6.7 Armour
 + Level 1.4 Dodging
   Level 0.0 Stealth
 + Level 6.7 Shields
 + Level 1.4 Unarmed Combat
 + Level 1.4 Spellcasting
 + Level 1.1 Conjurations
 + Level 1.1 Hexes
 + Level 1.1 Summonings
 + Level 1.1 Necromancy
 + Level 1.1 Translocations
 + Level 1.1 Fire Magic
 + Level 1.1 Ice Magic
 + Level 1.1 Air Magic
 + Level 1.1 Earth Magic
 + Level 1.1 Alchemy
 + Level 1.6 Invocations
 + Level 1.4 Evocations
 + Level 1.3 Shapeshifting


You had 6 spell levels left.
You didn't know any spells.
Your spell library contained the following spells:

 Spells                   Type           Power      Damage    Failure   Level
 Ensorcelled Hibernation  Hex/Ice        4%         N/A       83%         2
 Fugue of the Fallen      Necr           2%         N/A       96%         3
 Ozocubu's Armour         Ice            2%         N/A       96%         3
 Passwall                 Erth           2%         N/A       96%         3
 Swiftness                Air            2%         N/A       96%         3
 Manifold Assault         Tloc           2%         N/A       100%        4


Dungeon Overview and Level Annotations

Branches:
Dungeon (3/15)

Altars:
Ru


Innate Abilities, Weirdness & Mutations

You have very sharp teeth.
You cannot be stealthy.
Your uncanny sense of smell can sniff out nearby items.
Your experience applies equally to all skills.


Message History

You kill the orc priest!
You block the orc priest's attack.
The orc wizard hits you with a +0 dagger.
* * * LOW HITPOINT WARNING * * *
The orc closely misses you.
You have reached level 5!
You feel very mighty all of a sudden. You block the orc's attack.
You block the orc priest's attack. The orc wizard misses you.
The orc barely misses you. x2
You closely miss the orc priest.
The orc priest hits you but does no damage.
The orc wizard closely misses you. The orc closely misses you.
The orc hits you but does no damage.
You closely miss the orc priest.
The orc hits you with a +2 dagger of speed.
* * * LOW HITPOINT WARNING * * *
The orc priest casts a cantrip, but nothing happens.
The orc wizard barely misses you. The orc hits you but does no damage. x2
The orc priest hits you but does no damage.
You puncture the orc priest!
The orc priest is poisoned.
The orc priest is heavily wounded.
You block the orc wizard's attack. The orc hits you but does no damage.
The orc closely misses you. You block the orc's attack.
The orc priest barely misses you.
You hit the orc priest.
The orc priest looks as sick as possible!
The orc priest is heavily wounded.
The orc wizard hits you but does no damage.
You block the orc's attack.
The orc hits you with a +2 dagger of speed.
* * * LOW HITPOINT WARNING * * *
The orc priest looks satisfied for a moment.
You puncture the orc priest!
You kill the orc priest!
You block the orc wizard's attack. You block the orc's attack.
The orc barely misses you. The orc closely misses you.
The endoplasm freezes you.
You are frozen.
You die...
Ru respects your ultimate sacrifice.

##.......... #...........
.#..... .........<...
##.........# ............
........... ..).........##
.#......?...
.#..............#..........
...†...........##..........
......#.##.#..###o.........
......#.##....##@o.........
................oJ..†......
......##.##.#...#..........
......##........).^........
...............#...........
.....#.....#.####..........
..........#..# ##.........
.....#..#...## ##........
.......>..### .>.......


You could see an orc wizard, 2 orcs and an endoplasm.

Vanquished Creatures
  2 orc priests (D:3)
  Jessica (D:3)
  3 adders
  A dart slug (D:1)
  A ribbon worm (D:2)
  6 endoplasms
  A giant cockroach (D:2)
  4 goblins
  3 hobgoblins
  8 jackals
  2 quokkas
  4 ball pythons
  3 bats
  5 frilled lizards
  3 kobolds
  A rat (D:2)
48 creatures vanquished.

Notes
Turn   | Place    | Note
-------+----------+-------------------------------------------
     0 | D:1      | smashvw the Gnoll Fighter began the quest for the Orb.
     0 | D:1      | Reached XP level 1. HP: 23/23 MP: 1/1
   156 | D:1      | Reached XP level 2. HP: 29/29 MP: 2/2
   501 | D:1      | Reached XP level 3. HP: 35/35 MP: 3/3
   884 | D:2      | Reached skill level 1 in Invocations
   927 | D:2      | Found a faded altar of an unknown god.
   932 | D:2      | Prayed at the altar of an unknown god.
   932 | D:2      | Became a worshipper of Ru the Awakened
   960 | D:2      | Gained mutation: You cannot be stealthy. [Ru sacrifice]
  1118 | D:2      | Reached skill level 1 in Short Blades
  1118 | D:2      | Reached skill level 1 in Axes
  1118 | D:2      | Reached skill level 1 in Maces & Flails
  1118 | D:2      | Reached skill level 1 in Polearms
  1118 | D:2      | Reached skill level 1 in Staves
  1118 | D:2      | Reached skill level 1 in Ranged Weapons
  1118 | D:2      | Reached skill level 1 in Throwing
  1118 | D:2      | Reached skill level 1 in Dodging
  1118 | D:2      | Reached skill level 1 in Unarmed Combat
  1118 | D:2      | Reached skill level 1 in Spellcasting
  1118 | D:2      | Reached skill level 1 in Evocations
  1319 | D:3      | Reached skill level 1 in Shapeshifting
  1319 | D:3      | Reached XP level 4. HP: 40/41 MP: 5/5
  1406 | D:3      | Noticed Jessica
  1413 | D:3      | Killed Jessica
  1414 | D:3      | Reached skill level 1 in Conjurations
  1414 | D:3      | Reached skill level 1 in Hexes
  1414 | D:3      | Reached skill level 1 in Summonings
  1414 | D:3      | Reached skill level 1 in Necromancy
  1414 | D:3      | Reached skill level 1 in Translocations
  1414 | D:3      | Reached skill level 1 in Fire Magic
  1414 | D:3      | Reached skill level 1 in Ice Magic
  1414 | D:3      | Reached skill level 1 in Air Magic
  1414 | D:3      | Reached skill level 1 in Earth Magic
  1414 | D:3      | Reached skill level 1 in Alchemy
  1518 | D:3      | Reached XP level 5. HP: 3/47 MP: 5/7
  1523 | D:3      | Frozen to death by an endoplasm

Illustrated notes

Levels and vault maps discovered:
D:1:      onia_arrival_mini_maze_b, layout_basic
D:2:      layout_basic, hellmonk_ecumenical_altar_run_dry, minmay_box_of_dots
D:3:      minmay_octagon_keep, layout_rooms, minivault_25,
          kennysheep_generic_room_14, uniq_jessica

Skill      XL: |  1  2  3  4 |
---------------+-------------+-----
Invocations    | 1 |  1.6
Short Blades   | 1 |  1.4
Axes           | 1 |  1.4
Maces & Flails | 1 |  1.4
Polearms       | 1 |  1.4
Staves         | 1 |  1.4
Ranged Weapons | 1 |  1.4
Throwing       | 1 |  1.4
Dodging        | 1 |  1.4
Unarmed Combat | 1 |  1.4
Spellcasting   | 1 |  1.4
Evocations     | 1 |  1.4
Shapeshifting  | 1 |  1.3
Conjurations   | 1 |  1.1
Hexes          | 1 |  1.1
Summonings     | 1 |  1.1
Necromancy     | 1 |  1.1
Translocations | 1 |  1.1
Fire Magic     | 1 |  1.1
Ice Magic      | 1 |  1.1
Air Magic      | 1 |  1.1
Earth Magic    | 1 |  1.1
Alchemy        | 1 |  1.1
Fighting       | |  6.7
Long Blades    | |  4.7
Armour         | |  6.7
Shields        | |  6.7

Action                     |  1- 3 |  4- 6 || total
---------------------------+-------+-------++-------
  Melee: Long sword        |   104 |    11 ||   115
         Bite              |     5 |     3 ||     8
         Spear             |       |    30 ||    30
 Invoke: Sacrifice Stealth |     1 |       ||     1
    Use: Potion            |       |     1 ||     1
 Armour: Scale mail        |    73 |    32 ||   105
  Dodge: Dodged            |    41 |    23 ||    64
  Block: Buckler           |    37 |    17 ||    54

Table legend: (Time is in decaauts)
 A = Elapsed time spent in this place.
 B = Non-inter-level travel time spent in this place.
 C = Inter-level travel time spent in this place.
 D = Time resting spent in this place.
 E = Time spent auto-exploring this place.
 F = Levels seen in this place.
 G = Mean time per level.
                   A        B        C        D        E       F      G
               +--------+--------+--------+--------+--------+-----+--------+
         Total |   1548 |   1526 |     22 |      0 |   1188 |   3 |  516.0 |
       Dungeon |   1548 |   1526 |     22 |      0 |   1188 |   3 |  516.0 |
               +--------+--------+--------+--------+--------+-----+--------+

Top non-repeatable levels by time:
     D:1: 703 daAuts
     D:2: 624 daAuts
     D:3: 220 daAuts
